 Dungeon Crawl Stone Soup version 0.31-a0-166-g46f44d267d (webtiles) character file.

Game seed: 6581713870810721263

149 Faragor the Conjurer (level 5, -6/28 HPs)
             Began as a Deep Elf Conjurer on June 14, 2023.
             Killed by nerve-wracking pain
             ... invoked by an orc priest
              (12 damage)
             ... on level 4 of the Dungeon.
             The game lasted 00:07:57 (3030 turns).

Faragor the Conjurer (Deep Elf Conjurer)            Turns: 3030, Time: 00:07:58

Health: -6/28      AC:  2    Str:  4    XL:     5   Next: 9%
Magic:  1/13       EV: 12    Int: 25    God:
Gold:   172        SH:  0    Dex: 13    Spells: 10/13 levels left

rFire   . . .        (no weapon)
rCold   . . .        (no shield)
rNeg    . . .        a - +0 robe
rPois   .            (no helmet)
rElec   .            (no cloak)
rCorr   .            (no gloves)
SInv    .            (no boots)
Will    .....        (no amulet)
Stlth   +++          e - ring of flight
HPRegen 0.24/turn    r - ring of wizardry
MPRegen 0.13/turn

%: wizardry (x1)
@: flying
A: no striking features
a: no special abilities


You were on level 4 of the Dungeon.
You visited 1 branch of the dungeon, and saw 4 of its levels.

You collected 172 gold pieces.

Inventory:

Hand Weapons
 p - a +0 rapier
Missiles
 i - 6 atropa-tipped darts
Armour
 a - a +0 robe (worn)
Magical Staves
 o - a staff of death
Jewellery
 e - a ring of flight (left hand)
 g - a ring of poison resistance
 m - a ring of willpower
 n - a ring of fire
 r - a ring of wizardry (right hand)
Scrolls
 c - a scroll of poison
 d - 2 scrolls of blinking {unknown}
 f - a scroll of fog {unknown}
 k - a scroll of fear {unknown}
Potions
 b - a potion of magic
 h - a potion of haste
 l - a potion of heal wounds
 q - a potion of might {unknown}


   Skills:
 - Level 2.9 Dodging
 + Level 4.3 Stealth
 + Level 4.6 Spellcasting
 + Level 5.3 Conjurations


You had 10 spell levels left.
You knew the following spells:

 Your Spells              Type           Power      Damage    Failure   Level
a - Magic Dart            Conj           100%       1d8       1%          1
b - Searing Ray           Conj           64%        2d6       1%          2

Your spell library contained the following spells:

 Spells                   Type           Power      Damage    Failure   Level
 Dazzling Flash           Conj/Hex       38%        N/A       3%          3
 Lesser Beckoning         Tloc           10%        N/A       5%          2
 Gell's Gravitas          Tloc           5%         N/A       11%         3
 Teleport Other           Tloc           5%         N/A       11%         3
 Fulminant Prism          Conj/Hex       9%         3d7       12%         4
 Iskenderun's Mystic Bla  Conj/Tloc      19%        2d6       12%         4


Dungeon Overview and Level Annotations

Branches:
Dungeon (4/15)
 Temple: D:4-7

Altars:

Shops:
D:4 [

Annotations:
D:4 1 runed translucent door, Rosaphim's ghost, amateur TrBe


Message History

Confirm with . or Enter, or press ? or * to list all spells.
You don't have enough magic to cast this spell.
You feel better.
Your magical contamination has completely faded away.
An orc priest is nearby!
The orc priest looks encouraged for a moment.
Rosaphim's ghost wails, "You will never get the ORB!"
The orc priest calls down the wrath of Beogh upon you.
Beogh smites you!
The orc priest looks encouraged for a moment.
Casting: Magic Dart (safe; 1% risk of failure)
Confirm with . or Enter, or press ? or * to list all spells.
Aiming: Searing Ray (safe; 1% risk of failure)
Press: ? - help, Shift-Dir - straight line, f/p - orc priest
Aim: an orc priest, wielding a +0 short sword (moderately wounded, 81% to hit)
The searing ray hits the orc priest!
The orc priest is almost dead. (Press . to maintain the ray.) Without enough magic to sustain it, your searing ray dissipates.
The orc priest hits you with a +0 short sword.
The orc priest mumbles some strange prayers to Beogh against you.
Pain shoots through your body!
Really attack while wielding nothing? [Y]es or [N]o only, please.
Really attack while wielding nothing? [Y]es or [N]o only, please.
Really attack while wielding nothing? [Y]es or [N]o only, please.
Really attack while wielding nothing? [Y]es or [N]o only, please.
Really attack while wielding nothing? [Y]es or [N]o only, please.
Really attack while wielding nothing?
Okay, then.
The orc priest attacks as you move away!
The orc priest hits you with a +0 short sword.
* * * LOW HITPOINT WARNING * * *
The orc priest invokes the aid of Beogh against you.
Pain shoots through your body!
You die...

#.#..#.#
##.#.8..##
#........##
#8.<.∩.>.8##
..###............#
........8#.####.#
..###..........#
####....#####.#
#@...###...># #
#.##.#~####.#
#o#..#!#....#
#.#..#~######
#.#.##~####.
#.#.##W#.... .
#.#.##S#### #..
#.#..#+#..#....
#.##...........


You could see an orc priest.

Vanquished Creatures
  A jelly (D:4)
  An orc wizard (D:4)
  4 adders
  2 orcs (D:4)
  2 bats
  6 endoplasms
  2 giant cockroaches (D:2)
  6 hobgoblins
  2 quokkas
  3 ball pythons
  4 frilled lizards
  11 goblins
  4 kobolds
  7 rats
55 creatures vanquished.

Notes
Turn   | Place    | Note
-------+----------+-------------------------------------------
     0 | D:1      | Faragor the Deep Elf Conjurer began the quest for the Orb.
     0 | D:1      | Reached XP level 1. HP: 10/10 MP: 6/6
   754 | D:1      | Reached XP level 2. HP: 15/15 MP: 6/8
   975 | D:1      | Learned a level 2 spell: Searing Ray
  1380 | D:2      | Reached XP level 3. HP: 19/19 MP: 3/10
  2239 | D:3      | Reached XP level 4. HP: 24/24 MP: 2/12
  2264 | D:3      | Reached skill level 5 in Conjurations
  2826 | D:4      | Found Ycreger's Armour Shop.
  2993 | D:4      | Found a runed translucent door.
  2997 | D:4      | Noticed Rosaphim's ghost (amateur TrBe)
  3007 | D:4      | Reached XP level 5. HP: 11/28 MP: 3/13
  3030 | D:4      | Killed from afar by an orc priest

Illustrated notes

Levels and vault maps discovered:
D:1:      mrwooster_arrival_statue_3, layout_basic
D:2:      layout_basic, nrook_mini_vaults, corexii_hall_statues_i, st_stairs_2,
          minmay_quadrilaterals
D:3:      layout_rooms, minmay_goblin_outpost
D:4:      nicolae_cairo_tiling_very_big, layout_basic, ebering_ghost_sewer_d,
          serial_shops, nicolae_stop_n_shop_2

Skill      XL: |  1  2  3  4 |
---------------+-------------+-----
Stealth        | 3 4 |  4.3
Spellcasting   | 4 |  4.6
Conjurations   | 5 |  5.3
Dodging        | |  2.9

Action                     |  1- 3 |  4- 6 || total
---------------------------+-------+-------++-------
   Cast: Magic Dart        |    54 |    27 ||    81
         Searing Ray       |     8 |     5 ||    13
    Use: Scroll            |     3 |       ||     3
         Potion            |       |     1 ||     1
 Armour: Robe              |     1 |       ||     1
  Dodge: Dodged            |     5 |     1 ||     6

Table legend: (Time is in decaauts)
 A = Elapsed time spent in this place.
 B = Non-inter-level travel time spent in this place.
 C = Inter-level travel time spent in this place.
 D = Time resting spent in this place.
 E = Time spent auto-exploring this place.
 F = Levels seen in this place.
 G = Mean time per level.
                   A        B        C        D        E       F      G
               +--------+--------+--------+--------+--------+-----+--------+
         Total |   3029 |   2843 |    186 |    205 |   2397 |   4 |  757.2 |
       Dungeon |   3029 |   2843 |    186 |    205 |   2397 |   4 |  757.2 |
               +--------+--------+--------+--------+--------+-----+--------+

Top non-repeatable levels by time:
     D:2: 1145 daAuts
     D:1: 1004 daAuts
     D:3: 675 daAuts
     D:4: 203 daAuts
